 Dungeon Crawl Stone Soup version 0.20.1-1-g8b1a95d (webtiles) character file.

121 awaves the Chopper (level 4, 0/39 HPs)
             Began as a Minotaur Berserker on Jan 3, 2018.
             Was a Priest of Trog.
             Killed by divine providence
             ... invoked by an orc priest
              (12 damage)
             ... on level 3 of the Dungeon.
             The game lasted 00:06:23 (1923 turns).

awaves the Chopper (Minotaur Berserker)             Turns: 1923, Time: 00:06:25

Health: 0/39       AC: 11    Str: 22    XL:     4   Next: 77%
Magic:  3/3        EV:  8    Int:  4    God:    Trog [***...]
Gold:   87         SH:  0    Dex: 10    Spells: 3/3 levels left

rFire    + . .     SeeInvis .   a - +0 hand axe
rCold    . . .     Gourm    .   (no shield)
rNeg     . . .     Faith    .   m - +3 chain mail
rPois    .         Spirit   .   (helmet restricted)
rElec    .         Reflect  .   (no cloak)
rCorr    .         Harm     .   (no gloves)
MR       +....                  (no boots)
Stlth    ..........             (no amulet)
Regen    0.2/turn               f - ring of protection from magic
MPRegen  0.1/turn               k - ring of protection from fire

@: berserk cooldown, slowed, very slow
A: retaliatory headbutt, horns 2
a: Berserk, Trog's Hand, Burn Spellbooks, Renounce Religion


You were on level 3 of the Dungeon.
You worshipped Trog.
Trog was most pleased with you.
You were hungry.

You visited 1 branch of the dungeon, and saw 3 of its levels.

You collected 87 gold pieces.

Inventory:

Hand Weapons
 a - a +0 hand axe (weapon)
Armour
 m - a +3 chain mail (worn)
Jewellery
 f - a ring of protection from magic (left hand)
 k - a ring of protection from fire (right hand)
Wands
 n - a wand of paralysis (9/24)
Scrolls
 d - a scroll of immolation {unknown}
 h - a scroll of magic mapping {unknown}
 i - a scroll of remove curse {unknown}
 j - a scroll of recharging {unknown}
Potions
 e - a potion of lignification {unknown}
 g - a potion of curing
 l - a potion of might {unknown}
 o - a potion of mutation {unknown}
 p - a potion of heal wounds {unknown}
Comestibles
 b - 3 chunks of flesh
 c - a bread ration


   Skills:
 - Level 3.6 Fighting
 + Level 6.7 Axes
 - Level 2.4 Armour
 - Level 2.1 Dodging


You had 3 spell levels left.
You didn't know any spells.

Dungeon Overview and Level Annotations

Branches:
Dungeon (3/15)

Altars:
Gozag


Innate Abilities, Weirdness & Mutations

You reflexively headbutt those who attack you in melee.
You have a pair of horns on your head.


Message History

You see here a hobgoblin corpse.
You butcher the hobgoblin corpse.
Your skin stops crawling.
You feel less resistant to hostile enchantments.
* * * LOW HITPOINT WARNING * * *
You feel sick.
Things that are here:
2 chunks of flesh; a hobgoblin skeleton There isn't anything to butcher here.
It was a potion of curing.
You feel better.
An orc priest comes into view.
You are a level 4 Minotaur Berserker.
You are 77% of the way to level 5.
Play time: 00:06:19 (1923 turns) Eat one of 4 chunks of flesh? (ye/n/q)
You eat one of the 4 chunks of flesh.
This raw flesh tastes terrible.
You are feeling hungry.
The orc priest shouts!
The orc priest calls down the wrath of Beogh upon you.
Beogh smites you!
You die... #. #.## .##. ### ..# .?#. #(# #.## ...###)###..## g## #S.#.@))..#..# gg..

..#......#..#
g.g..#.#.(.......#
.......#(.....##.##
..gg...)......##..#
######.#......##..##
..o#......##...#
###.#......##.#.#######
#.#......##.......[.#


You could see an orc priest.

Vanquished Creatures
  Robin (D:3)
  2 adders
  An ooze (D:1)
  A worm (D:2)
  3 leopard geckos
  An orc (D:3)
  7 bats
  3 giant cockroaches
  21 goblins
  11 hobgoblins
  7 jackals (D:2)
  2 ball pythons (D:1)
  5 frilled lizards
  3 kobolds
  6 rats
74 creatures vanquished.

Notes
Turn   | Place    | Note
-------+----------+-------------------------------------------
     0 | D:1      | awaves the Minotaur Berserker began the quest for the Orb.
     0 | D:1      | Reached XP level 1. HP: 19/19 MP: 0/0
    85 | D:1      | Reached skill level 4 in Axes
   101 | D:1      | Reached XP level 2. HP: 24/26 MP: 1/1
   621 | D:1      | Reached skill level 5 in Axes
   633 | D:1      | Reached ** piety under Trog
   763 | D:1      | Reached XP level 3. HP: 30/31 MP: 2/2
  1118 | D:2      | Found an opulent altar of Gozag.
  1449 | D:2      | Reached XP level 4. HP: 39/39 MP: 3/3
  1602 | D:2      | Reached skill level 6 in Axes
  1688 | D:2      | Found a faded altar of an unknown god.
  1877 | D:3      | Noticed Robin
  1885 | D:3      | Reached *** piety under Trog
  1899 | D:3      | Killed Robin
  1923 | D:3      | Killed from afar by an orc priest

Skill      XL: |  1  2  3  4 |
---------------+-------------+-----
Axes           | 4 5 6 |  6.7
Fighting       | |  3.6
Armour         | |  2.4
Dodging        | |  2.1

Action                   |  1- 3 |  4- 6 || total
-------------------------+-------+-------++-------
Melee: Hand axe          |   105 |    58 ||   163
       Headbutt          |    10 |     7 ||    17
Invok: Berserk           |       |     1 ||     1
       Trog's Hand       |       |     1 ||     1
  Use: Potion            |       |     1 ||     1
  Eat: Chunk             |     2 |     2 ||     4
Armor: Animal skin       |     8 |       ||     8
       Chain mail        |    38 |    33 ||    71
Dodge: Dodged            |    53 |    25 ||    78
